 Dungeon Crawl Stone Soup version 0.27.0-1-g7a089689b8 (webtiles) character file.

Game seed: 5687990754787251542

321 Sin92 the Skirmisher (level 6, 0/48 HPs)
             Began as a Demonspawn Fighter on Aug 2, 2021.
             Was an Initiate of Okawaru.
             Slain by a black bear (11 damage)
             ... on level 4 of the Dungeon.
             The game lasted 00:04:17 (3065 turns).

Sin92 the Skirmisher (Demonspawn Fighter)           Turns: 3065, Time: 00:04:17

Health: 0/48       AC:  9    Str: 18    XL:     6   Next: 22%
Magic:  7/7        EV:  8    Int:  9    God:    Okawaru [......]
Gold:   175        SH: 13    Dex: 13    Spells: 5/5 levels left

rFire    . . .     SeeInvis +   f - +2 hand axe (flame)
rCold    . . .     Faith    .   c - +0 kite shield
rNeg     . . .     Spirit   .   b - +0 scale mail
rPois    .         Reflect  .   m - +3 crown of Dyrovepreva {rElec Int+2 SInv}
rElec    +         Harm     .   (no cloak)
rCorr    .         Rampage  .   (no gloves)
Will     .....                  (no boots)
Stlth    ..........             (no amulet)
HPRegen  0.16/turn              (no ring)
MPRegen  0.20/turn              (no ring)

@: no status effects
A: antennae 1, large bone plates 1, demonic guardian 1, magic regeneration,
talons 1, dopey 1
a: Renounce Religion


You were on level 4 of the Dungeon.
You worshipped Okawaru.
Okawaru was noncommittal.
You visited 1 branch of the dungeon, and saw 4 of its levels.

You collected 175 gold pieces.

Inventory:

Hand Weapons
 a - a +0 war axe
 e - a +1 mace of draining
 f - a +2 hand axe of flaming (weapon)
Armour
 b - a +0 scale mail (worn)
 c - a +0 kite shield (worn)
 m - the +3 crown of Dyrovepreva (worn) {rElec Int+2 SInv}
   (You found it on level 4 of the Dungeon)

   Int:       It affects your intelligence (+2).
   rElec:     It insulates you from electricity.
   SInv:      It lets you see invisible.
Wands
 j - a wand of iceblast (9)
Scrolls
 g - a scroll of amnesia
Potions
 d - a potion of brilliance {unknown}
 l - a potion of berserk rage


   Skills:
 + Level 3.9 Fighting
 * Level 3.5 Axes
 + Level 3.5 Armour
 + Level 2.0 Dodging
 + Level 3.4 Shields
 + Level 1.5 Invocations


You had 5 spell levels left.
You didn't know any spells.
Your spell library contained the following spells:

 Spells                   Type           Power      Damage    Failure   Level
 Inner Flame              Hex/Fire       0%         N/A       100%        3
 Tukima's Dance           Hex            0%         N/A       100%        3
 Cause Fear               Hex            0%         N/A       100%        4
 Passage of Golubria      Tloc           N/A        N/A       100%        4
 Yara's Violent Unravell  Hex/Tmut       0%         3d3       100%        5
 Discord                  Hex            0%         N/A       100%        8


Dungeon Overview and Level Annotations

Branches:
Dungeon (4/15)
 Temple: D:4-7

Altars:
Okawaru


Innate Abilities, Weirdness & Mutations

You have a pair of small antennae on your head.
You are partially covered in large bone plates. (SH +4)
A weak demonic guardian rushes to your aid.
You regenerate magic rapidly.
You have sharp toenails.
You are dopey. (Int -2)


Message History

Your quasit closely misses the black bear.
Your quasit claws the black bear. x2; The black bear misses your quasit. x2
The black bear closely misses your quasit.
It was a potion of mutation.
You feel extremely strange.
You feel stupid.
Your toenails lengthen and sharpen.
Your quasit bites the black bear but does no damage.
Your quasit claws the black bear but does no damage. x2
The black bear bites your quasit but does no damage.
The black bear closely misses your quasit.
The black bear claws your quasit.
Your quasit bites the black bear but does no damage.
Your quasit claws the black bear. x2
As you read the scroll labelled GIFERO BIGESHA, it crumbles to dust.
The scroll dissolves into smoke.
It was a scroll of fog.
Your quasit bites the black bear.
Your quasit claws the black bear.
Your quasit claws the black bear but does no damage.
The black bear bites your quasit. The black bear misses your quasit.
The black bear claws your quasit.
As you read the scroll of identify, it crumbles to dust.
l - a potion of berserk rage Your quasit bites the black bear but does no damage.
Your quasit barely misses the black bear.
Your quasit closely misses the black bear.
The black bear goes berserk!
Your quasit bites the black bear.
Your quasit claws the black bear but does no damage. x2
You see here 6 stones.
Something barely misses your quasit.
Something claws your quasit but does no damage.
Something closely misses your quasit. Something closely misses your quasit.
Something barely misses your quasit. x2
You swap places.
You block the black bear's attack. The black bear claws you.
* * * LOW HITPOINT WARNING * * *
The black bear closely misses you.
You hit the black bear. You burn the black bear.
The black bear is almost dead.
Your quasit disappears in a puff of smoke!
You block the black bear's attack. The black bear misses you.
You block the black bear's attack. The black bear bites you!
You die...

###.....#
#.......#####..
#..............
#......#.......
#......#......#
#...§§§#.....!#
#....§§#......#
######§#....(.#
#@#.^....#
#h#......# #Z#
## #§# ...
####§###....
#...Z.......
#...........
#...........
#...........


You could see a black bear (berserk) and a bullfrog skeleton.

Vanquished Creatures
  2 hounds (D:4)
  2 jellies (D:4)
  Natasha (thrice) (D:2)
  A hound skeleton (D:4)
  3 adders
  A worm (D:2)
  A dart slug (D:2)
  9 orcs (D:3)
  A bat (D:2)
  6 endoplasms
  A giant cockroach (D:1)
  5 goblins
  8 hobgoblins
  6 jackals (D:2)
  8 kobolds
  4 quokkas
  7 ball pythons
  2 frilled lizards
  3 rats
73 creatures vanquished.

Vanquished Creatures (others)
  3 plants
3 creatures vanquished.

Grand Total: 76 creatures vanquished

Notes
Turn   | Place    | Note
-------+----------+-------------------------------------------
     0 | D:1      | Sin92 the Demonspawn Fighter began the quest for the Orb.
     0 | D:1      | Reached XP level 1. HP: 18/18 MP: 1/1
   178 | D:1      | Gained mutation: You have a pair of small antennae on your
                  | head. [demonic ancestry]
   178 | D:1      | Reached XP level 2. HP: 24/24 MP: 2/2
   265 | D:1      | You fall into a shaft and drop 1 floor!
   332 | D:2      | Reached XP level 3. HP: 16/29 MP: 3/3
   722 | D:2      | Reached skill level 1 in Dodging
   815 | D:2      | Noticed Natasha
   838 | D:2      | Killed Natasha
   839 | D:2      | Gained mutation: You are partially covered in large bone
                  | plates. (SH +4) [demonic ancestry]
   839 | D:2      | Reached XP level 4. HP: 25/35 MP: 4/4
   899 | D:2      | Noticed Natasha
   909 | D:2      | Killed Natasha
  1401 | D:2      | Noticed Natasha
  1418 | D:2      | Killed Natasha
  1598 | D:2      | Gained mutation: You regenerate magic rapidly. [demonic
                  | ancestry]
  1598 | D:2      | Reached XP level 5. HP: 39/41 MP: 5/5
  1911 | D:3      | Found an iron altar of Okawaru.
  1933 | D:3      | Became a worshipper of Warmaster Okawaru
  2819 | D:4      | Found the +3 crown of Dyrovepreva {rElec Int+2 SInv}
  2940 | D:4      | Reached skill level 1 in Invocations
  2985 | D:4      | Gained mutation: A weak demonic guardian rushes to your
                  | aid. [demonic ancestry]
  2985 | D:4      | Reached XP level 6. HP: 39/48 MP: 5/7
  3058 | D:4      | Gained mutation: You are dopey. (Int -2) [potion of
                  | mutation]
  3058 | D:4      | Gained mutation: You have sharp toenails. [potion of
                  | mutation]
  3065 | D:4      | Slain by a black bear

Illustrated notes

Levels and vault maps discovered:
D:1:      tarquinn_simple_flora_water_c, layout_rooms,
          hellmonk_ecumenical_altar_blasted, st_stairs_9
D:2:      layout_basic, serial_bayou_crossing, uniq_natasha
D:3:      layout_loops_ring, okawaru_ov_weapons_minmay, minmay_misc_feat_rows,
          kennysheep_another_room
D:4:      corexii_shack_village, layout_basic

Skill      XL: |  1  2  3  4  5  6 |
---------------+-------------------+-----
Axes           | 2 3 |  3.5
Dodging        | 1 2 |  2.0
Armour         | 3 |  3.5
Shields        | 3 |  3.4
Invocations    | 1 |  1.5
Fighting       | |  3.9

Action                   |  1- 3 |  4- 6 || total
-------------------------+-------+-------++-------
Melee: War axe           |    94 |    68 ||   162
       Hand axe          |       |    74 ||    74
  Use: Potion            |     1 |     2 ||     3
       Scroll            |       |     5 ||     5
Armor: Scale mail        |    48 |    51 ||    99
Dodge: Dodged            |    35 |    33 ||    68
Block: Kite shield       |    56 |   103 ||   159
